 Dungeon Crawl Stone Soup version 0.29-a0-919-gd064cfad1c (webtiles) character file.

Game seed: 17413108465490335317

60 Sabo the Digger (level 4, -3/27 HPs)
             Began as an Octopode Earth Elementalist on July 26, 2022.
             Was a Follower of Ashenzari.
             Slain by Terence
             ... wielding a +0 flail
              (5 damage)
             ... on level 3 of the Dungeon.
             The game lasted 00:22:57 (3258 turns).

Sabo the Digger (Octopode Earth Elementalist)       Turns: 3258, Time: 00:22:58

Health: -3/27      AC:  5    Str:  7    XL:     4   Next: 6%
Magic:  2/9        EV: 13    Int: 19    God:    Ashenzari [*.....]
Gold:   130        SH:  0    Dex: 12    Spells: 7/10 levels left

rFire   + . .      SeeInvis .   c - +0 mace
rCold   x . .      Faith    .   (no shield)
rNeg    . . .      Spirit   .   (helmet restricted)
rPois   .          Reflect  .   (no amulet)
rElec   .          Harm     .   b - ring of Ashenzari's Discomfort {Fire, Evo, Cun} (curse)
rCorr   .          Rampage  .   h - ring "Overhang to Understand" {Fly, Cun, Melee} (curse)
Will    .....                   k - ring "Share My Cynicism" {AC+4, Self, Comp} (curse)
Stlth   +++.......              (no ring)
HPRegen 0.09/turn               (no ring)
MPRegen 0.11/turn               (no ring)
                                (no ring)
                                (no ring)

@: flying
A: almost no armour, amphibious, 8 rings, camouflage 1, gelatinous body 1,
(nimble swimmer 1), tentacles
a: Renounce Religion, Shatter the Chains


You were on level 3 of the Dungeon.
You worshipped Ashenzari.
Ashenzari was aware of your devotion.
You visited 1 branch of the dungeon, and saw 3 of its levels.

You collected 130 gold pieces.

Inventory:

Hand Weapons
 c - a +0 mace (weapon)
 d - a +0 sling
Jewellery
 b - the cursed ring of Ashenzari's Discomfort (left tentacle) {Fire, Evo, Cun}
   (You found it on level 1 of the Dungeon)

   [ring of fire]

   It enhances your fire magic.
   rF:        It protects you from fire.
   rC:        It makes you vulnerable to cold.
   It has a curse which improves the following skills: Evocations: Evocations.
   Cunning:   Dodging and Stealth.
 h - the cursed ring "Overhang to Understand" (right tentacle) {Fly, Cun, Melee}
   (You found it on level 1 of the Dungeon)

   [ring of flight]

   Fly:       It grants you flight.
   It has a curse which improves the following skills: Cunning: Dodging and
   Stealth.
   Melee Combat: Short Blades, Long Blades, Axes, Maces & Flails, Polearms,
   Staves and Unarmed Combat.
 k - the cursed ring "Share My Cynicism" (on tentacle) {AC+4, Self, Comp}
   (You acquired it on level 2 of the Dungeon)

   [ring of protection]

   AC:        It affects your AC (+4).
   It has a curse which improves the following skills: Introspection: Fighting
   and Spellcasting.
   Companions: Summonings and Necromancy.
Scrolls
 e - a scroll of immolation
 f - 2 scrolls of amnesia
 i - a scroll of enchant armour
Potions
 a - a potion of magic
 j - a potion of invisibility
 l - a potion of haste


   Skills:
 + Level 0.6(1.1) Maces & Flails
 + Level 2.0(3.1) Dodging
 + Level 3.0(4.2) Stealth
 + Level 3.0(3.7) Spellcasting
 + Level 1.0 Transmutations
 + Level 3.8 Earth Magic


You had 7 spell levels left.
You knew the following spells:

 Your Spells              Type           Power      Damage    Failure   Level
a - Sandblast             Erth           34%        2d9       3%          1
b - Passwall              Tmut/Erth      10%        N/A       8%          2

Your spell library contained the following spells:

 Spells                   Type           Power      Damage    Failure   Level
 Wereblood                Tmut           7%         N/A       14%         2
 Stone Arrow              Conj/Erth      20%        3d8       19%         3
 Sublimation of Blood     Necr           3%         N/A       21%         2
 Petrify                  Tmut/Erth      12%        N/A       45%         4
 Summon Hydra             Summ           1%         N/A       100%        7


Dungeon Overview and Level Annotations

Branches:
Dungeon (3/15)

Altars:
Ashenzari

Annotations:
D:3 Terence


Innate Abilities, Weirdness & Mutations

You cannot wear most types of armour.
You are amphibious.
You can wear up to eight rings at the same time.
Your skin changes colour to match your surroundings (Stealth+).
Your rubbery body absorbs attacks. (AC +1, EV +1)
((You are camouflaged when in or above water. (Stealth+)))
You have tentacles for arms and can constrict up to eight enemies at once.


Message History

You hit Terence.
Terence is almost dead.
You constrict Terence, but do no damage.
Terence barely misses you. The kobold closely misses you.
You hit Terence but do no damage.
Terence is almost dead.
You constrict Terence, but do no damage.
Terence drinks a potion.
Terence is healed!
The kobold closely misses you. Terence hits you with a +0 flail.
The kobold hits you but does no damage.
You hit Terence but do no damage.
You constrict Terence, but do no damage.
Terence closely misses you. The kobold hits you but does no damage.
You hit Terence.
Terence is moderately wounded.
You constrict Terence, but do no damage.
Terence hits you with a +0 flail.
* * * LOW HITPOINT WARNING * * *
The kobold closely misses you.
You hit Terence but do no damage. You squeeze Terence.
Terence is moderately wounded.
You constrict Terence.
Terence bares his teeth.
Terence closely misses you. The kobold hits you but does no damage.
Terence barely misses you. The kobold hits you with a +0 club.
* * * LOW HITPOINT WARNING * * *
You hit Terence but do no damage.
Terence is heavily wounded.
You constrict Terence. Terence barely misses you. The kobold barely misses you.
You hit Terence but do no damage.
Terence is severely wounded.
You constrict Terence, but do no damage.
Terence says, "Don't bother to defend, it's useless."
Terence barely misses you. The kobold hits you with a +0 club.
* * * LOW HITPOINT WARNING * * *
You hit Terence. You squeeze Terence, but do no damage.
Terence is severely wounded.
You constrict Terence, but do no damage.
Terence misses you. The kobold closely misses you.
The kobold hits you but does no damage. Terence hits you with a +0 flail.
You die...

.....#.# .#
........ ..#
....<..###..
.........#.#
#†.......#
#...##.#
#..###...##.#
#.........K@#
##.####..#.@#
#.# #..#..# #.#
###.#..# ..#
#<.....# #.#
###.##.# #.#
#.##.# ### #.#
###.######.# #.#
#..........#
#.###.#.#.####.#


You could see Terence and a kobold.

Vanquished Creatures
  An adder (D:2)
  A worm (D:2)
  5 ball pythons (D:1)
  2 bats (D:3)
  5 endoplasms
  2 goblins
  3 hobgoblins (D:1)
  8 jackals
  3 quokkas
  3 frilled lizards
  5 kobolds
  7 rats
45 creatures vanquished.

Notes
Turn   | Place    | Note
-------+----------+-------------------------------------------
     0 | D:1      | Sabo the Octopode Earth Elementalist began the quest for
                  | the Orb.
     0 | D:1      | Reached XP level 1. HP: 11/11 MP: 3/3
   406 | D:1      | Reached XP level 2. HP: 17/17 MP: 3/5
   990 | D:1      | Found a faded altar of an unknown god.
  1002 | D:1      | Prayed at the altar of an unknown god.
  1002 | D:1      | Became a worshipper of Ashenzari the Shackled
  1247 | D:1      | Reached XP level 3. HP: 20/21 MP: 1/6
  1935 | D:2      | Reached * piety under Ashenzari
  2208 | D:2      | Learned a level 2 spell: Passwall
  2632 | D:2      | Identified a scroll of acquirement
  2632 | D:2      | Identified the +1 scale mail of Duck's Teeth {Fly Regen+}
  2642 | D:2      | Acquired a +4 ring of protection
  2705 | D:2      | Reached XP level 4. HP: 27/27 MP: 3/8
  3094 | D:3      | Noticed Terence
  3257 | D:3      | HP: 1/27 [kobold/+0 club (4)]
  3258 | D:3      | Slain by Terence

Illustrated notes

Levels and vault maps discovered:
D:1:      lightli_arrival_quake, layout_loops_cross,
          dilly_ecumenical_altar_fadedgnrine, grunt_decor_fettered
D:2:      layout_basic
D:3:      layout_basic, uniq_terence

Skill      XL: |  1  2  3  4 |
---------------+-------------+-----
Stealth        | 3 |  3.0
Spellcasting   | 3 |  3.0
Maces & Flails | |  0.6
Dodging        | |  2.0
Transmutations | |  1.0
Earth Magic    | |  3.8

Action                   |  1- 3 |  4- 6 || total
-------------------------+-------+-------++-------
Melee: Mace              |    17 |    10 ||    27
       Constrict         |     3 |     1 ||     4
       Tentacles         |     1 |     3 ||     4
 Cast: Sandblast         |    53 |    12 ||    65
Invok: Curse Item        |     2 |     1 ||     3
  Use: Scroll            |     1 |       ||     1
       Potion            |       |     3 ||     3
 Stab: Sleeping          |     1 |       ||     1
Armor: Skin              |     5 |     9 ||    14
Dodge: Dodged            |    28 |    33 ||    61

Table legend: (Time is in decaauts)
 A = Elapsed time spent in this place.
 B = Non-inter-level travel time spent in this place.
 C = Inter-level travel time spent in this place.
 D = Time resting spent in this place.
 E = Time spent auto-exploring this place.
 F = Levels seen in this place.
 G = Mean time per level.
                   A        B        C        D        E       F      G
               +--------+--------+--------+--------+--------+-----+--------+
         Total |   3329 |   3329 |      0 |   1144 |      0 |   3 | 1109.7 |
       Dungeon |   3329 |   3329 |      0 |   1144 |      0 |   3 | 1109.7 |
               +--------+--------+--------+--------+--------+-----+--------+

Top non-repeatable levels by time:
     D:1: 1620 daAuts
     D:2: 1349 daAuts
     D:3: 359 daAuts
